SNL (28 & UNDER)
BEAUMONT ROUGHNECKS @ BLACKIRON DRAGONS
07/27/2030
 
TOP OF THE 1ST
Beaumont Roughnecks batting - Pitching for BlackIron Dragons : RHP Juan Carlos Guerrero
Pitching: RHP Juan Carlos Guerrero
Batting: RHB Jeff Vickers 0-0: Fly out, F8 (Flyball, 8LD)
Batting: RHB António Aguilar 0-0: SINGLE (Flyball, 89S)
Batting: LHB Corey MacGregor 0-0: Called Strike
0-1: Called Strike
0-2: SINGLE (Line Drive, 7S)
António Aguilar to second
Runner from 2nd tries for 3rd, SAFE, no throw
Batting: SHB Miguel González 0-0: Ball
1-0: Grounds into double play, 4-6-3 (Groundball, 4)
Top of the 1st over - 0 runs, 2 hits, 0 errors, 1 left on base; Beaumont 0 - BlackIron 0
BOTTOM OF THE 1ST
BlackIron Dragons batting - Pitching for Beaumont Roughnecks : RHP George Floyd
Pitching: RHP George Floyd
Batting: RHB Joaquín Valenzuela 0-0: Ball
1-0: Swinging Strike
1-1: Foul Ball, location: 2F
1-2: Ball
2-2: Ball
3-2: Base on Balls
Batting: RHB Mel Wells 0-0: Foul Ball, location: 2F
0-1: Ball
1-1: Called Strike
1-2: Ball
2-2: Ball
Wild Pitch!
Joaquín Valenzuela to second
3-2: Foul Ball, location: 2F
3-2: Base on Balls
Batting: LHB José Martínez 0-0: Called Strike
0-1: Called Strike
0-2: Fly out, F9 (Flyball, 9D)
Runner from 2nd tags up, SAFE at 3rd, no throw
Batting: RHB Foster Hapgood 0-0: Called Strike
Throwing error on steal attempt, E2
Joaquín Valenzuela scores
Mel Wells to third
0-1: Ball
1-1: Ground out 6-3 (Groundball, 6)
Mel Wells scores
Batting: RHB Iván Granados 0-0: Called Strike
0-1: Swinging Strike
0-2: Ball
1-2: Strikes out looking
Bottom of the 1st over - 2 runs, 0 hits, 1 error, 0 left on base; Beaumont 0 - BlackIron 2
TOP OF THE 2ND
Beaumont Roughnecks batting - Pitching for BlackIron Dragons : RHP Juan Carlos Guerrero
Batting: RHB Jim MacAchounich 0-0: Ball
1-0: Foul Ball, location: 2F
1-1: Ground out 4-3 (Groundball, 4S)
Batting: LHB John Fitzgerald 0-0: Ball
1-0: Foul Ball, location: 2F
1-1: Ball
2-1: Ground out U3 (Groundball, 3)
Batting: SHB Walton Locke 0-0: Ball
1-0: Ball
2-0: Foul Ball, location: 2F
2-1: Fly out, F2 (Popup, 15S)
Top of the 2nd over - 0 runs, 0 hits, 0 errors, 0 left on base; Beaumont 0 - BlackIron 2
BOTTOM OF THE 2ND
BlackIron Dragons batting - Pitching for Beaumont Roughnecks : RHP George Floyd
Batting: RHB Randall Walker 0-0: Swinging Strike
0-1: Ball
1-1: DOUBLE (Line Drive, 78D)
Batting: RHB Millard Long 0-0: Called Strike
0-1: Swinging Strike
0-2: Ball
1-2: Foul Ball, location: 2F
1-2: SINGLE (Groundball, 56D)
Randall Walker to third
Runner from 3rd tries for Home, SAFE, no throw
Batting: RHB Júlio Rodríguez 0-0: Ball
1-0: Ball
2-0: Foul Ball, location: 2F
2-1: Fly out, F7 (Flyball, 7LD)
Batting: RHB Jake Erickson 0-0: Ball
1-0: Grounds into double play, 5-4-3 (Groundball, 5)
Bottom of the 2nd over - 1 run, 2 hits, 0 errors, 0 left on base; Beaumont 0 - BlackIron 3
TOP OF THE 3RD
Beaumont Roughnecks batting - Pitching for BlackIron Dragons : RHP Juan Carlos Guerrero
Batting: SHB Miguel Hurtado 0-0: Ball
1-0: Foul Ball, location: 2F
1-1: Ball
2-1: Ball
3-1: Swinging Strike
3-2: Foul Ball, location: 2F
3-2: Strikes out swinging
Batting: LHB Roberto Félix 0-0: Called Strike
0-1: Called Strike
0-2: Strikes out swinging
Batting: RHB Jeff Vickers 0-0: Ball
1-0: Ground out 1-3 (Groundball, 15)
Top of the 3rd over - 0 runs, 0 hits, 0 errors, 0 left on base; Beaumont 0 - BlackIron 3
BOTTOM OF THE 3RD
BlackIron Dragons batting - Pitching for Beaumont Roughnecks : RHP George Floyd
Batting: RHB Joaquín Valenzuela 0-0: Called Strike
0-1: SINGLE (Groundball, 5S) (infield hit)
Batting: RHB Mel Wells 0-0: Ball
1-0: Ball
Joaquín Valenzuela is caught stealing 2nd base
2-0: Called Strike
2-1: Foul Ball, location: 2F
2-2: Foul Ball, location: 2F
2-2: Ball
3-2: Strikes out swinging
Batting: LHB José Martínez 0-0: Called Strike
0-1: Ball
1-1: Ball
2-1: Ball
3-1: Swinging Strike
3-2: Base on Balls
Batting: RHB Foster Hapgood 0-0: Ball
1-0: Ball
2-0: Called Strike
2-1: Ball
3-1: SINGLE (Groundball, 34D)
José Martínez to second
Runner from 2nd tries for 3rd, SAFE, throw made to third
Batting: RHB Iván Granados 0-0: Called Strike
0-1: Ball
1-1: Ball
2-1: Swinging Strike
2-2: 3-RUN HOME RUN (Flyball, 7D), Distance : 392 ft
Batting: RHB Randall Walker 0-0: Called Strike
0-1: Swinging Strike
0-2: Ground out 6-3 (Groundball, 6)
Bottom of the 3rd over - 3 runs, 3 hits, 0 errors, 0 left on base; Beaumont 0 - BlackIron 6
TOP OF THE 4TH
Beaumont Roughnecks batting - Pitching for BlackIron Dragons : RHP Juan Carlos Guerrero
Batting: RHB António Aguilar 0-0: Ball
1-0: Called Strike
1-1: Ball
2-1: Swinging Strike
2-2: Foul Ball, location: 2F
2-2: Ball
3-2: Base on Balls
Batting: LHB Corey MacGregor 0-0: Fielders Choice at 2nd, 4-6 (Groundball, 4)
Batting: SHB Miguel González 0-0: Swinging Strike
0-1: Ball
1-1: Foul Ball, location: 2F
1-2: Ball
2-2: DOUBLE (Line Drive, 78M)
Corey MacGregor to third
Runner from 3rd tries for Home, SAFE, no throw
Batting: RHB Jim MacAchounich 0-0: Called Strike
0-1: SINGLE (Groundball, 4MD)
Miguel González to third
Batting: LHB John Fitzgerald 0-0: Ball
1-0: Foul Ball, location: 2F
1-1: Called Strike
1-2: Ball
2-2: Grounds into double play, 6-4-3 (Groundball, 6)
Top of the 4th over - 1 run, 2 hits, 0 errors, 1 left on base; Beaumont 1 - BlackIron 6
BOTTOM OF THE 4TH
BlackIron Dragons batting - Pitching for Beaumont Roughnecks : RHP George Floyd
Batting: RHB Millard Long 0-0: Ball
1-0: Foul Ball, location: 2F
1-1: Foul Ball, location: 2F
1-2: Foul Ball, location: 2F
1-2: SINGLE (Flyball, 8LS)
Pitching: RHP Carlos Longoria
Batting: RHB Júlio Rodríguez 0-0: Ball
1-0: Called Strike
Millard Long steals 2nd base
1-1: DOUBLE (Flyball, 89D)
Millard Long scores
Pinch Runner at 2nd Luis Méndez:
Batting: RHB Jake Erickson 0-0: Foul Ball, location: 2F
0-1: Swinging Strike
0-2: Ball
1-2: Ball
2-2: Foul Ball, location: 2F
2-2: Ball
3-2: SINGLE (Line Drive, 6)
Luis Méndez to third
Batting: RHB Joaquín Valenzuela 0-0: Called Strike
0-1: Ball
1-1: Foul Ball, location: 2F
1-2: Strikes out swinging
Batting: RHB Mel Wells 0-0: Ball
1-0: Ball
2-0: Called Strike
2-1: Fielders Choice at 2nd, 5-4 (Groundball, 56)
Luis Méndez scores
Batting: LHB José Martínez 0-0: Fly out, F9 (Flyball, 89D)
Bottom of the 4th over - 2 runs, 3 hits, 0 errors, 1 left on base; Beaumont 1 - BlackIron 8
TOP OF THE 5TH
Beaumont Roughnecks batting - Pitching for BlackIron Dragons : RHP Juan Carlos Guerrero
Now at C: Luis Méndez
Batting: SHB Walton Locke 0-0: Fly out, F8 (Flyball, 78D)
Batting: SHB Miguel Hurtado 0-0: Ball
1-0: Ball
2-0: Ball
3-0: Base on Balls
Batting: LHB Roberto Félix 0-0: Swinging Strike
0-1: Called Strike
0-2: Strikes out swinging
Batting: RHB Jeff Vickers 0-0: Fly out, F7 (Flyball, 7S)
Top of the 5th over - 0 runs, 0 hits, 0 errors, 1 left on base; Beaumont 1 - BlackIron 8
BOTTOM OF THE 5TH
BlackIron Dragons batting - Pitching for Beaumont Roughnecks : RHP Carlos Longoria
Batting: RHB Foster Hapgood 0-0: Ball
1-0: Ball
2-0: Ball
3-0: Base on Balls
Batting: RHB Iván Granados 0-0: Ball
1-0: Ground out 3-1 (Groundball, 34S)
Foster Hapgood to second
Batting: RHB Randall Walker 0-0: Ball
1-0: Ball
2-0: Ball
3-0: Called Strike
3-1: Base on Balls
Batting: RHB Millard Long 0-0: Ball
Foster Hapgood steals 3rd base
1-0: Foul Ball, location: 2F
1-1: Ground out 5-3 (Groundball, 5S)
Foster Hapgood scores
Randall Walker to second
Batting: RHB Luis Méndez 0-0: Ball
1-0: Called Strike
1-1: Ground out 4-3 (Groundball, 4M)
Bottom of the 5th over - 1 run, 0 hits, 0 errors, 1 left on base; Beaumont 1 - BlackIron 9
TOP OF THE 6TH
Beaumont Roughnecks batting - Pitching for BlackIron Dragons : RHP Juan Carlos Guerrero
Batting: RHB António Aguilar 0-0: DOUBLE (Line Drive, 3D)
Batting: LHB Corey MacGregor 0-0: Ball
1-0: Ball
2-0: Called Strike
2-1: Ball
3-1: Called Strike
3-2: Fly out, F5 (Line Drive, 5S)
Batting: SHB Miguel González 0-0: Called Strike
0-1: Foul Ball, location: 2F
0-2: Ball
1-2: Ball
2-2: Ball
3-2: Ground out 5-3 (Groundball, 5)
Batting: RHB Jim MacAchounich 0-0: Ball
1-0: Foul Ball, location: 2F
1-1: Swinging Strike
1-2: Strikes out swinging
Top of the 6th over - 0 runs, 1 hit, 0 errors, 1 left on base; Beaumont 1 - BlackIron 9
BOTTOM OF THE 6TH
BlackIron Dragons batting - Pitching for Beaumont Roughnecks : RHP Carlos Longoria
Batting: RHB Jake Erickson 0-0: Swinging Strike
0-1: Foul Ball, location: 2F
0-2: Strikes out swinging
Batting: RHB Joaquín Valenzuela 0-0: Ball
1-0: Ball
2-0: Foul Ball, location: 2F
2-1: Ball
3-1: Base on Balls
Batting: RHB Mel Wells 0-0: Ball
1-0: Ball
2-0: Ball
3-0: Called Strike
3-1: Foul Ball, location: 2F
3-2: Foul Ball, location: 2F
3-2: Base on Balls
Joaquín Valenzuela to second
Batting: LHB José Martínez 0-0: Ball
Joaquín Valenzuela steals 3rd base
Mel Wells to second
1-0: Called Strike
1-1: SINGLE (Groundball, 56D)
Joaquín Valenzuela scores
Mel Wells to third
Runner from 3rd tries for Home, SAFE, no throw
Batting: RHB Foster Hapgood 0-0: Ball
1-0: Ball
2-0: Swinging Strike
2-1: Foul Ball, location: 2F
2-2: Ball
3-2: Fielders Choice at 2nd, 6-4 (Groundball, 6)
Batting: RHB Iván Granados
Pinch Hitting: RHB Jason Erickson 0-0: Called Strike
0-1: Ball
1-1: Called Strike
1-2: Strikes out swinging
Bottom of the 6th over - 2 runs, 1 hit, 0 errors, 1 left on base; Beaumont 1 - BlackIron 11
TOP OF THE 7TH
Beaumont Roughnecks batting - Pitching for BlackIron Dragons : RHP Juan Carlos Guerrero
Now in LF: Jason Erickson
Batting: LHB John Fitzgerald 0-0: Ball
1-0: Ball
2-0: Ball
3-0: Base on Balls
Batting: SHB Walton Locke 0-0: Ball
1-0: Foul Ball, location: 2F
1-1: Ball
2-1: Foul Ball, location: 2F
2-2: Fly out, F8 (Line Drive, 8LM)
Batting: SHB Miguel Hurtado 0-0: Foul Ball, location: 2F
0-1: Foul Ball, location: 2F
0-2: Foul Ball, location: 2F
0-2: Strikes out swinging
Batting: LHB Roberto Félix 0-0: Ball
1-0: Ball
2-0: Swinging Strike
2-1: Ball
3-1: Called Strike
3-2: Fly out, F9 (Line Drive, 9LD)
Top of the 7th over - 0 runs, 0 hits, 0 errors, 1 left on base; Beaumont 1 - BlackIron 11
BOTTOM OF THE 7TH
BlackIron Dragons batting - Pitching for Beaumont Roughnecks : RHP Carlos Longoria
Pitching: RHP Manny Alaniz
Batting: RHB Randall Walker 0-0: Called Strike
0-1: Foul Ball, location: 2F
0-2: Fly out, F3 (Popup, 3SF)
Batting: RHB Millard Long 0-0: Ball
1-0: SINGLE (Line Drive, 9LS)
Batting: RHB Luis Méndez 0-0: Ball
1-0: Foul Ball, location: 2F
1-1: Fly out, F5 (Line Drive, 5)
Batting: RHB Jake Erickson 0-0: Fielders Choice at 2nd, 5-4 (Groundball, 56)
Bottom of the 7th over - 0 runs, 1 hit, 0 errors, 1 left on base; Beaumont 1 - BlackIron 11
TOP OF THE 8TH
Beaumont Roughnecks batting - Pitching for BlackIron Dragons : RHP Juan Carlos Guerrero
Pitching: RHP António Molina
Now at 2B: Jorge Loanos
Batting: RHB Jeff Vickers 0-0: Swinging Strike
0-1: Ball
1-1: Ball
2-1: Fly out, F8 (Flyball, 8RS)
Batting: RHB António Aguilar 0-0: Called Strike
0-1: DOUBLE (Line Drive, 89D)
Batting: LHB Corey MacGregor 0-0: Foul Ball, location: 2F
0-1: Ball
1-1: Ball
2-1: Foul Ball, location: 2F
2-2: Foul Ball, location: 2F
2-2: Foul Ball, location: 2F
2-2: Fly out, F6 (Flyball, 56D)
Batting: SHB Miguel González 0-0: Called Strike
0-1: Fly out, F4 (Line Drive, 4)
Top of the 8th over - 0 runs, 1 hit, 0 errors, 1 left on base; Beaumont 1 - BlackIron 11
BOTTOM OF THE 8TH
BlackIron Dragons batting - Pitching for Beaumont Roughnecks : RHP Manny Alaniz
Batting: RHB Joaquín Valenzuela 0-0: Ball
1-0: Ball
2-0: Swinging Strike
2-1: Foul Ball, location: 2F
2-2: Ball
3-2: Strikes out swinging
Batting: RHB Mel Wells 0-0: Called Strike
0-1: Ball
1-1: Called Strike
1-2: SINGLE (Line Drive, 4D)
Batting: LHB José Martínez 0-0: Called Strike
Mel Wells steals 2nd base
0-1: Foul Ball, location: 2F
0-2: Ball
1-2: Foul Ball, location: 2F
1-2: Foul Ball, location: 2F
1-2: Strikes out swinging
Batting: RHB Foster Hapgood 0-0: SINGLE (Flyball, 89S)
Mel Wells to third
Runner from 3rd tries for Home, SAFE, no throw
Batting: RHB Jason Erickson 0-0: Ground out 1-3 (Groundball, 13S)
Bottom of the 8th over - 1 run, 2 hits, 0 errors, 1 left on base; Beaumont 1 - BlackIron 12
TOP OF THE 9TH
Beaumont Roughnecks batting - Pitching for BlackIron Dragons : RHP António Molina
Now at 1B: Roderick Silva
Now in LF: Jesús Castillo
Now in CF: Miguel Barrón
Batting: RHB Jim MacAchounich 0-0: Called Strike
0-1: Fly out, F7 (Flyball, 78S)
Batting: LHB John Fitzgerald 0-0: Ball
1-0: SOLO HOME RUN (Flyball, 7LD), Distance : 373 ft
Batting: SHB Walton Locke 0-0: Foul Ball, location: 2F
0-1: Fly out, F5 (Popup, 56S)
Batting: SHB Miguel Hurtado 0-0: Called Strike
0-1: Ball
1-1: Foul Ball, location: 2F
1-2: Foul Ball, location: 2F
1-2: Strikes out swinging
Top of the 9th over - 1 run, 1 hit, 0 errors, 0 left on base; Beaumont 2 - BlackIron 12
Saturday, April 7th, 2018 - OOTP Baseball 18.8 Build 76